 Dungeon Crawl Stone Soup version 0.22.1-2-g9c5b331 (webtiles) character file.

90 Malhgor the Conjurer (level 4, -13/33 HPs)
             Began as a Draconian Conjurer on Dec 21, 2018.
             Killed by divine providence
             ... invoked by an orc priest
              (14 damage)
             ... on level 3 of the Dungeon.
             The game lasted 00:08:30 (2352 turns).

Malhgor the Conjurer (Draconian Conjurer)           Turns: 2352, Time: 00:08:31

Health: -13/33     AC:  5    Str: 10    XL:     4   Next: 32%
Magic:  0/7        EV: 12    Int: 16    God:
Gold:   124        SH:  0    Dex: 12    Spells: 3/7 levels left

rFire    . . .     SeeInvis .   a - +0 dagger
rCold    . . .     Gourm    .   (no shield)
rNeg     . . .     Faith    .   (armour unavailable)
rPois    .         Spirit   .   (helmet restricted)
rElec    .         Reflect  .   (no cloak)
rCorr    .         Harm     .   (no gloves)
MR       .....                  (no boots)
Stlth    ++........             (no amulet)
HPRegen  0.11/turn              (no ring)
MPRegen  0.10/turn              (no ring)

@: drained
A: unfitting armour, cold-blooded, AC +5
a: no special abilities


You were on level 3 of the Dungeon.
You were very hungry.

You visited 1 branch of the dungeon, and saw 3 of its levels.

You collected 124 gold pieces.

Inventory:

Hand Weapons
 a - a +0 dagger (weapon)
 q - a +3 dagger of protection
Missiles
 d - 67 stones (quivered)
Jewellery
 m - an uncursed ring of wizardry {unknown}
Scrolls
 e - 3 scrolls of teleportation {unknown}
 f - 3 scrolls of remove curse {unknown}
 g - a scroll of fear {unknown}
 h - a scroll of amnesia {unknown}
 j - 5 scrolls of identify {unknown}
 l - a scroll of magic mapping {unknown}
 n - a scroll of random uselessness {unknown}
 p - a scroll of noise {unknown}
Potions
 c - a potion of berserk rage {unknown}
 i - 2 potions of curing {unknown}
 k - a potion of brilliance {unknown}
 o - a potion of degeneration {unknown}
 r - a potion of flight {unknown}
Comestibles
 b - 5 rations


   Skills:
 - Level 1.7(1.4) Dodging
 - Level 1.7(1.4) Stealth
 - Level 2.2(1.9) Spellcasting
 * Level 5.7(5.4) Conjurations


You had 3 spell levels left.
You knew the following spells:

 Your Spells              Type           Power        Failure   Level  Hunger
a - Magic Dart            Conj           ###.         2%          1    #......
b - Dazzling Spray        Conj/Hex       ##....       21%         3    ###....

Your spell library contained the following spells:

 Spells                   Type           Power        Failure   Level  Hunger
 Searing Ray              Conj           ###...       3%          2    ###....
 Iskenderun's Mystic Bla  Conj           ###.....     22%         4    #####..
 Force Lance              Conj/Tloc      ##......     56%         4    #####..
 Fulminant Prism          Conj/Hex       ##........   56%         4    #####..


Dungeon Overview and Level Annotations

Branches:
Dungeon (3/15)

Altars:

Annotations:
D:1 Done


Innate Abilities, Weirdness & Mutations

Your plain brown scales are hard. (AC +5)
You cannot fit into any form of body armour.
You are cold-blooded and may be slowed by cold attacks.


Message History

The bat barely misses you.
The orc priest hits you with a flail of draining.
* * * LOW HITPOINT WARNING * * *
You feel drained.
* * * LOW HITPOINT WARNING * * *
Casting: Magic Dart (safe; 2% risk of failure)
Confirm with . or Enter, or press ? or * to list all spells.
Aiming: Magic Dart (safe; 2% risk of failure)
Press: ? - help, Shift-Dir - straight line, f/p - orc priest
Aim: an orc priest, wielding a flail of draining (heavily wounded)
The magic dart hits the orc priest.
The orc priest is heavily wounded.
The bat closely misses you. The orc priest closely misses you.
The bat hits you.
* * * LOW HITPOINT WARNING * * *
The bat closely misses you. The bat hits you but does no damage.
The orc priest calls down the wrath of Beogh upon you.
Beogh smites you!
You die...

##.... ..# ....#......# #
#.#.#......#.#
#####.#.#......#.
#...............
#####........... #
#####.....b.....##.# .#
........#.......##.#..####
........<@......†.........
........#..o##..###...b...
........#...###.## ...####
.......†#...###..##...#
......................#
...)....########.##....
........# .# ...##
........# .. ...#
..).....# #.# #


You could see an orc priest and a bat.

Vanquished Creatures
  2 adders (D:2)
  An ooze (D:1)
  2 worms
  A dart slug (D:1)
  4 leopard geckos
  An orc (D:3)
  3 giant cockroaches
  7 goblins
  5 hobgoblins
  8 jackals
  9 kobolds
  2 bats
  4 frilled lizards
  5 rats
54 creatures vanquished.

Notes
Turn   | Place    | Note
-------+----------+-------------------------------------------
     0 | D:1      | Malhgor the Draconian Conjurer began the quest for the Orb.
     0 | D:1      | Reached XP level 1. HP: 14/14 MP: 3/3
   270 | D:1      | Reached XP level 2. HP: 11/20 MP: 0/5
   801 | D:1      | Reached XP level 3. HP: 24/26 MP: 2/6
   921 | D:1      | Reached skill level 5 in Conjurations
  1867 | D:2      | Reached XP level 4. HP: 33/33 MP: 5/7
  1891 | D:2      | Learned a level 3 spell: Dazzling Spray
  2349 | D:3      | HP: 1/33 [bat (1)]
  2352 | D:3      | Killed from afar by an orc priest

Skill      XL: |  1  2  3 |
---------------+----------+-----
Conjurations   | 5 |  5.7
Dodging        | |  1.7
Stealth        | |  1.7
Spellcasting   | |  2.2

Action                   |  1- 3 |  4- 6 || total
-------------------------+-------+-------++-------
Melee: Unarmed           |    26 |       ||    26
       Dagger            |    36 |     2 ||    38
       Tailslap          |     3 |       ||     3
 Cast: Magic Dart        |    92 |    29 ||   121
  Eat: Chunk             |     4 |     1 ||     5
Armor: Skin              |    25 |     1 ||    26
Dodge: Dodged            |    58 |     8 ||    66
